 Dungeon Crawl Stone Soup version 0.28-a0-464-g0687ed57fd (webtiles) character file.

Game seed: 10131550139213957600

25 Aggronaut the Chopper (level 2, -1/26 HPs)
             Began as a Minotaur Berserker on Sept 14, 2021.
             Was a Follower of Trog.
             Killed from afar by Natasha (6 damage)
             ... with a magic dart
             ... on level 2 of the Dungeon.
             The game lasted 00:01:42 (1373 turns).

Aggronaut the Chopper (Minotaur Berserker)          Turns: 1373, Time: 00:01:43

Health: -1/26      AC:  5    Str: 21    XL:     2   Next: 82%
Magic:  1/1        EV: 11    Int:  4    God:    Trog [*.....]
Gold:   53         SH:  0    Dex:  9    Spells: 1/1 levels left

rFire   + . .      SeeInvis .   a - +0 hand axe
rCold   . . .      Faith    .   (no shield)
rNeg    . . .      Spirit   .   h - +0 ring mail
rPois   .          Reflect  .   (helmet restricted)
rElec   .          Harm     .   (no cloak)
rCorr   .          Rampage  .   (no gloves)
Will    .....                   (no boots)
Stlth   ..........              (no amulet)
HPRegen 0.08/turn               g - ring of protection from fire
MPRegen 0.07/turn               (no ring)

@: slowed, very slow
A: horns 2, retaliatory headbutt
a: Renounce Religion, Berserk


You were on level 2 of the Dungeon.
You worshipped Trog.
Trog was aware of your devotion.
You visited 1 branch of the dungeon, and saw 2 of its levels.

You collected 53 gold pieces.

Inventory:

Hand Weapons
 a - a +0 hand axe (weapon)
Armour
 h - a +0 ring mail (worn)
Jewellery
 g - a ring of protection from fire (left hand)
Scrolls
 c - a scroll of torment {unknown}
 e - a scroll of identify {unknown}
 f - a scroll of teleportation {unknown}
Potions
 b - a potion of curing {unknown}
 d - 2 potions of degeneration {unknown}


   Skills:
 - Level 3.6 Fighting
 + Level 5.0 Axes
 - Level 2.4 Armour
 - Level 2.1 Dodging


You had one spell level left.
You didn't know any spells.
Your spell library contained the following spells:

 Spells                   Type           Power      Damage    Failure   Level
 Sandblast                Erth           0%         2d4       67%         1


Dungeon Overview and Level Annotations

Branches:
Dungeon (2/15)

Altars:

Annotations:
D:2 Natasha


Innate Abilities, Weirdness & Mutations

You have a pair of horns on your head.
You reflexively headbutt those who attack you in melee.


Message History

The hobgoblin is heavily wounded.
The hobgoblin hits you but does no damage.
You closely miss the hobgoblin. Your headbutt misses the hobgoblin.
The hobgoblin is heavily wounded.
The hobgoblin closely misses you.
You barely miss the hobgoblin.
The hobgoblin is heavily wounded.
The hobgoblin hits you.
You closely miss the hobgoblin. You headbutt the hobgoblin.
You kill the hobgoblin!
Trog accepts your kill.
Your Axes skill increases to level 5!
You see here a hobgoblin corpse.
You start resting.
HP restored.
There is an escape hatch in the floor here.
As you open the door, it creaks loudly!
You hear an angry hiss.
Natasha, Servant of Life and Death comes into view.
There is an open door here.
Natasha is nearby!
Natasha casts a spell at you. The magic dart hits you!
Natasha casts a spell at you.
You feel yourself slow down.
You hit Natasha.
Natasha is moderately wounded.
Natasha closely misses you.
Natasha stares at you and mumbles some strange words.
You resist with significant effort.
You hit Natasha. Your headbutt misses Natasha.
Natasha is heavily wounded.
Natasha casts a spell at you. The magic dart hits you! Natasha claws you.
* * * LOW HITPOINT WARNING * * *
You closely miss Natasha. Your headbutt misses Natasha.
Natasha is heavily wounded.
Natasha closely misses you. Natasha casts a spell at you.
The magic dart hits you.
You die...

#.# ##.....##.# #.#
##...###.# ##+##
#...###.# ##...##
#.......# ##.....##
###.##### ##.......##
##.##
#.........####...##
+....h....+.......####
#....@....##.#.......#
##.......###.##..###.#
##.....## # #..# #.#
##...## # ##.###.#
##'## #.###.....# #.#
####.......### #.#
#........#.#
##>###.######.#.#
######...##.#### #.#.#


You could see Natasha.

Vanquished Creatures
  6 endoplasms
  A giant cockroach (D:1)
  3 goblins
  4 hobgoblins
  2 bats (D:1)
  A frilled lizard (D:1)
  5 kobolds
22 creatures vanquished.

Vanquished Creatures (others)
  A plant (D:2)
1 creature vanquished.

Grand Total: 23 creatures vanquished

Notes
Turn   | Place    | Note
-------+----------+-------------------------------------------
     0 | D:1      | Aggronaut the Minotaur Berserker began the quest for the
                  | Orb.
     0 | D:1      | Reached XP level 1. HP: 19/19 MP: 0/0
    76 | D:1      | Reached skill level 4 in Axes
    92 | D:1      | Reached XP level 2. HP: 3/26 MP: 1/1
  1085 | D:2      | Found a faded altar of an unknown god.
  1094 | D:2      | Got Plato's Guide on the Mountains
  1301 | D:2      | Reached skill level 5 in Axes
  1366 | D:2      | Noticed Natasha
  1373 | D:2      | Killed from afar by Natasha

Illustrated notes

Levels and vault maps discovered:
D:1:      zelgadis_glass_arrival_small, layout_basic, minmay_small_reverse_x
D:2:      layout_loops_corners, shapermc_ecumenical_altar_rom_forum,
          uniq_natasha

Skill      XL: |  1  2 |
---------------+-------+-----
Axes           | 4 5 |  5.0
Fighting       | |  3.6
Armour         | |  2.4
Dodging        | |  2.1

Action                   || total
-------------------------++-------
Melee: Hand axe          ||    58
       Headbutt          ||     6
Invok: Berserk           ||     1
Armor: Animal skin       ||     6
       Ring mail         ||     3
Dodge: Dodged            ||    33

Table legend: (Time is in decaauts)
 A = Elapsed time spent in this place.
 B = Non-inter-level travel time spent in this place.
 C = Inter-level travel time spent in this place.
 D = Time resting spent in this place.
 E = Time spent auto-exploring this place.
 F = Levels seen in this place.
 G = Mean time per level.
                   A        B        C        D        E       F      G
               +--------+--------+--------+--------+--------+-----+--------+
         Total |   1386 |   1364 |     22 |    380 |    750 |   2 |  693.0 |
       Dungeon |   1386 |   1364 |     22 |    380 |    750 |   2 |  693.0 |
               +--------+--------+--------+--------+--------+-----+--------+

Top non-repeatable levels by time:
     D:1: 982 daAuts
     D:2: 404 daAuts
